 Dungeon Crawl Stone Soup version 0.16.1-16-gc44b35d (webtiles) character file.

1592 frag the Ruffian (level 8, 0/80 HPs)
             Began as a Troll Monk on Apr 17, 2015.
             Was a Believer of Trog.
             Killed from afar by an electric eel (10 damage)
             ... with a bolt of electricity
             ... on level 6 of the Dungeon.
             The game lasted 00:24:21 (4428 turns).

frag the Ruffian (Troll Monk)                       Turns: 4428, Time: 00:24:22

Health: 0/80       AC:  8    Str: 22    XL:     8   Next: 61%
Magic:  3/3        EV:  9    Int:  6    God:    Trog [**....]
Gold:   195        SH:  0    Dex: 12    Spells: 0 memorised, 7 levels left

rFire  . . .     SeeInvis .       - Unarmed
rCold  . . .     Clarity  .     s - pearl dragon hide
rNeg   + . .     SustAb   .     (shield restricted)
rPois  .         Gourm    +     (helmet restricted)
rElec  .         Spirit   .     (no cloak)
rCorr  .         Warding  .     (gloves unavailable)
rMut   .         Stasis   .     (boots unavailable)
MR     +....                    (no amulet)
Stlth  ..........               (no ring)
                                c - ring of protection from magic

@: somewhat resistant to hostile enchantments, extremely unstealthy
A: unfitting armour, claws 3, fast metabolism 3, gourmand, regeneration 2,
shaggy fur 1, tough skin 2
a: Burn Spellbooks, Berserk, Trog's Hand, Renounce Religion


You were on level 6 of the Dungeon.
You worshipped Trog.
Trog was pleased with you.
You were full.

You visited 1 branch of the dungeon, and saw 6 of its levels.

You collected 195 gold pieces.

Inventory:

Hand weapons
 j - a +2 dagger of electrocution
 v - a cursed -2 dagger
Armour
 a - a +0 robe
 d - a +0 cloak
 k - a +0 shield
 s - a pearl dragon hide (worn)
 w - a +2 robe of magic resistance
Jewellery
 c - a ring of protection from magic (left claw)
 e - an uncursed amulet of resist mutation {unknown}
 u - an uncursed ring of ice {unknown}
Magical devices
 z - a wand of disintegration (21)
 A - a wand of random effects (24)
Scrolls
 p - 3 scrolls of remove curse
 y - 2 scrolls of identify
Potions
 g - a potion of cancellation
 i - a potion of brilliance {unknown}
 l - a potion of ambrosia {unknown}
 m - a potion of lignification
 o - 2 potions of magic
 q - a potion of haste
 r - a potion of berserk rage {unknown}
 x - a potion of poison {unknown}
 C - a potion of flight {unknown}
Comestibles
 b - 4 meat rations
 f - a beef jerky
 h - a slice of pizza
 n - 4 bread rations
 B - a chunk of flesh


   Skills:
 + Level 5.0 Fighting
 + Level 3.6 Armour
 + Level 5.2 Dodging
 + Level 1.5 Stealth
 + Level 7.2 Unarmed Combat


You had 7 spell levels left.
You didn't know any spells.

Dungeon Overview and Level Annotations

Branches:
Dungeon (6/15)             Temple (0/1) D:6

Altars:
Dithmenos
Fedhas
Nemelex Xobeh
Trog
Xom


Innate Abilities, Weirdness & Mutations

You are too large for most types of armour.
You have claws for hands.
Your metabolism is lightning-fast.
You like to eat raw meat.
You heal very quickly.
You are covered in fur (AC +1).
You have very tough skin (AC +2).


Message History

* * * LOW HITPOINT WARNING * * *
You blink.
Splash!
You fall into the shallow water.
Moving in this stuff is going to be slow.
The electric eel shoots out a bolt of lightning at you!
The bolt of electricity hits you!
* * * LOW HITPOINT WARNING * * *
Why would you want to do that? Why would you want to do that?
The centaur unwields an uncursed shortbow.
The centaur hits you but does no damage.
The centaur wields an uncursed shortbow.
The centaur shoots an arrow of dispersal.
The arrow of dispersal hits you.
* * * LOW HITPOINT WARNING * * *
You blink.
The electric eel shoots out a bolt of lightning at you!
The bolt of electricity hits the plant.
The bolt of electricity hits you!
You die...

#.# #.#
####†##
##♣P≈#..#
##
##≈P≈....#
#.
#≈≈;c≈.a.#
#.
#♣≈≈P(a..#
#.
♣≈§≈....#
#.
#♣≈≈≈[.@#
#.
#♣♣≈####
#. ### #.
#( ##.
##.. #...
#... #...


You could see a centaur, 2 worker ants and an electric eel.

Vanquished Creatures
  Pikel (D:5)
  The ghost of raikaria the Conjurer, an average DrVM (D:3)
  3 ice beasts
  A centaur (D:5)
  2 giant frogs
  2 scorpions
  An electric eel (D:6)
  A crimson imp (D:6)
  A jelly (D:6)
  A hound (D:6)
  An orc priest (D:4)
  2 orc wizards
  An iguana (D:4)
  3 worker ants
  Ijyb (D:3)
  9 adders
  A giant mite (D:2)
  A shadow imp (D:5)
  2 worms
  An orc zombie (D:5)
  An adder zombie (D:6)
  6 giant geckos
  An ooze (D:2)
  16 orcs
  2 bat skeletons
  6 hobgoblins
  3 quokkas
  3 ball pythons
  3 bats
  6 giant cockroaches
  8 giant newts
  12 goblins
  2 goblin zombies (D:5)
  9 jackals
  A kobold (D:4)
  12 rats
127 creatures vanquished.

Vanquished Creatures (others)
  A crimson imp (D:5)
  A jackal (D:6)
2 creatures vanquished.

Grand Total: 129 creatures vanquished

Notes
Turn   | Place    | Note
--------------------------------------------------------------
     0 | D:1      | frag, the Troll Monk, began the quest for the Orb.
     0 | D:1      | Reached XP level 1. HP: 22/22 MP: 1/1
   418 | D:1      | Reached XP level 2. HP: 29/29 MP: 1/1
   875 | D:2      | Reached XP level 3. HP: 28/36 MP: 2/2
  1047 | D:2      | Found a sparkling altar of Nemelex Xobeh.
  1076 | D:2      | Found a shimmering altar of Xom.
  1347 | D:3      | Reached XP level 4. HP: 40/44 MP: 2/2
  1375 | D:3      | Noticed Ijyb
  1392 | D:3      | Killed Ijyb
  1471 | D:3      | Noticed raikaria's ghost (average DrVM)
  1484 | D:3      | Killed raikaria's ghost
  1484 | D:3      | Reached skill level 5 in Unarmed Combat
  1484 | D:3      | Reached XP level 5. HP: 51/53 MP: 2/2
  1491 | D:3      | Noticed a giant frog
  1495 | D:3      | Killed a giant frog
  1495 | D:3      | Reached XP level 6. HP: 59/61 MP: 3/3
  1788 | D:3      | Found a blossoming altar of Fedhas.
  2274 | D:4      | Found a sparkling altar of Nemelex Xobeh.
  2274 | D:4      | Found a bloodstained altar of Trog.
  2279 | D:4      | Became a worshipper of Trog the Wrathful
  2279 | D:4      | Acquired Trog's first power
  2279 | D:4      | Acquired Trog's second power
  2501 | D:4      | Reached skill level 1 in Armour
  2650 | D:4      | Found a shadowy altar of Dithmenos.
  2686 | D:4      | Reached XP level 7. HP: 66/68 MP: 3/3
  2902 | D:5      | Entered Level 5 of the Dungeon
  3277 | D:5      | Noticed Pikel
  3308 | D:5      | Killed Pikel
  3308 | D:5      | Reached skill level 5 in Dodging
  3308 | D:5      | Reached skill level 6 in Unarmed Combat
  3308 | D:5      | Reached XP level 8. HP: 36/78 MP: 3/3
  4129 | D:6      | Reached skill level 7 in Unarmed Combat
  4348 | D:6      | Reached skill level 5 in Fighting
  4348 | D:6      | Found a staircase to the Ecumenical Temple.
  4377 | D:6      | HP: 1/80 [centaur (6)]
  4384 | D:6      | HP: 4/80 [worker ant[the player character] (3)]
  4428 | D:6      | Killed from afar by an electric eel

Action                   |  1- 3 |  4- 6 |  7- 9 || total
-------------------------+-------+-------+-------++-------
Melee: Unarmed           |   105 |   136 |   174 ||   415
  Use: Scroll            |     3 |     5 |     3 ||    11
       Potion            |       |       |     5 ||     5
  Eat: Chunk             |    15 |    14 |    10 ||    39
       Bread ration      |       |       |     1 ||     1
